 Dungeon Crawl Stone Soup version 0.29-a0-541-gaf1fc19f1b (webtiles) character file.

Game seed: 5829013270310242345

13 Pelinal the Firebug (level 2, -1/17 HPs)
             Began as an Octopode Fire Elementalist on June 3, 2022.
             Slain by an adder (2 damage)
             ... on level 2 of the Dungeon.
             The game lasted 00:01:17 (655 turns).

Pelinal the Firebug (Octopode Fire Elementalist)     Turns: 655, Time: 00:01:18

Health: -1/17      AC:  1    Str:  7    XL:     2   Next: 37%
Magic:  0/5        EV: 13    Int: 17    God:
Gold:   9          SH:  0    Dex: 12    Spells: 2/5 levels left

rFire   + . .      SeeInvis .   d - +0 falchion (vamp)
rCold   . . .      Faith    .   (no shield)
rNeg    . . .      Spirit   .   (helmet restricted)
rPois   .          Reflect  .   (no amulet)
rElec   .          Harm     .   g - ring of protection from fire
rCorr   .          Rampage  .   (no ring)
Will    .....                   (no ring)
Stlth   +++.......              (no ring)
HPRegen 0.05/turn               (no ring)
MPRegen 0.09/turn               (no ring)
                                (no ring)
                                (no ring)

@: lethally poisoned (-1 -> -9), very slightly contaminated
A: almost no armour, amphibious, 8 rings, camouflage 1, gelatinous body 1,
(nimble swimmer 1), tentacles
a: no special abilities


You were on level 2 of the Dungeon.
You visited 1 branch of the dungeon, and saw 2 of its levels.

You collected 9 gold pieces.

Inventory:

Hand Weapons
 d - a +0 vampiric falchion (weapon)
Missiles
 e - 4 curare-tipped darts
Jewellery
 g - a ring of protection from fire (left tentacle)
Scrolls
 b - 2 scrolls of identify {unknown}
 c - a scroll of silence {unknown}
 f - a scroll of fog {unknown}
Potions
 a - a potion of magic
 h - a potion of curing {unknown}


   Skills:
 - Level 2.0 Dodging
 - Level 2.6 Stealth
 - Level 2.0 Spellcasting
 + Level 2.3 Conjurations
 - Level 3.0 Fire Magic


You had 2 spell levels left.
You knew the following spells:

 Your Spells              Type           Power      Damage    Failure   Level
a - Foxfire               Conj/Fire      40%        2x1d6     6%          1
b - Scorch                Fire           22%        2d6       9%          2

Your spell library contained the following spells:

 Spells                   Type           Power      Damage    Failure   Level
 Conjure Flame            Conj/Fire      10%        6-21      19%         3
 Inner Flame              Hex/Fire       6%         N/A       30%         3
 Flame Wave               Conj/Fire      10%        2d5       54%         4


Dungeon Overview and Level Annotations

Branches:
Dungeon (2/15)

Altars:

Shops:
D:2 (


Innate Abilities, Weirdness & Mutations

You cannot wear most types of armour.
You are amphibious.
You can wear up to eight rings at the same time.
Your skin changes colour to match your surroundings (Stealth+).
Your rubbery body absorbs attacks. (AC +1, EV +1)
((You are camouflaged when in or above water. (Stealth+)))
You have tentacles for arms and can constrict up to eight enemies at once.


Message History

The adder bites you.
You are poisoned.
The adder poisons you! The adder bites you.
You are more poisoned.
The adder poisons you!
You hit the adder but do no damage. Your grab misses the adder.
Your squeeze misses the adder.
The adder is lightly wounded.
You feel very sick. The adder bites you.
You are more poisoned.
The adder poisons you! The adder barely misses you.
Casting: Foxfire (safe; 6% risk of failure)
Confirm with . or Enter, or press ? or * to list all spells.
You miscast Scorch.
You are very lightly contaminated with residual magic.
Nothing appears to happen.
You feel very sick. The adder misses you.
Unknown command.
Casting: Scorch (safe; 9% risk of failure)
Confirm with . or Enter, or press ? or * to list all spells.
Flames lash the adder.
The adder is heavily wounded.
The adder's fire resistance burns away.
* * * LOW HITPOINT WARNING * * *
You feel sick. The adder barely misses you.
Unknown command.
Casting: Scorch (safe; 9% risk of failure)
Confirm with . or Enter, or press ? or * to list all spells.
You don't have enough magic to cast this spell.
Unknown command.
Unknown command.
Casting: Scorch (safe; 9% risk of failure)
Confirm with . or Enter, or press ? or * to list all spells.
You conjure some foxfire!
* * * LOW HITPOINT WARNING * * *
You feel very sick. The adder bites you.
You die...

... ....
####....
###......
#....... .
#.#...# ...
#######.v#.#..#
#........@S...#
#.####...#v#..#
#....#..#...# #
####.#........
#<#.#.#...##
#.#.........
#########.## ..


You could see an adder (combustible, ally target).

Vanquished Creatures
  4 ball pythons (D:1)
  2 bats (D:1)
  3 endoplasms (D:1)
  A hobgoblin (D:1)
  A frilled lizard (D:1)
11 creatures vanquished.

Vanquished Creatures (others)
  10 foxfires (D:1)
10 creatures vanquished.

Grand Total: 21 creatures vanquished

Notes
Turn   | Place    | Note
-------+----------+-------------------------------------------
     0 | D:1      | Pelinal the Octopode Fire Elementalist began the quest for
                  | the Orb.
     0 | D:1      | Reached XP level 1. HP: 11/11 MP: 3/3
   311 | D:1      | Found a faded altar of an unknown god.
   369 | D:1      | Reached XP level 2. HP: 14/17 MP: 5/5
   540 | D:1      | Learned a level 2 spell: Scorch
   644 | D:2      | Found Isesch's Weapon Shoppe.
   655 | D:2      | Slain by an adder

Illustrated notes

Levels and vault maps discovered:
D:1:      minmay_arrival_plants_in_alcoves, layout_basic,
          chequers_ecumenical_altar_twisty, hex_medium, hex_large,
          bh_walls_and_bars
D:2:      kennysheep_six_static_rooms, layout_basic, serial_shops,
          nicolae_shop_statue_plus, nicolae_shop_window_shopping,
          nicolae_shop_temple_entry_statues_fountains,
          nicolae_shop_advertising_works [nicolae_subvault_shop_adworks], shop,
          minmay_strange_pillars, minmay_tromino_i4

Skill      XL: |  1 |
---------------+----+-----
Conjurations   | 2 |  2.3
Dodging        | |  2.0
Stealth        | |  2.6
Spellcasting   | |  2.0
Fire Magic     | |  3.0

Action                   || total
-------------------------++-------
Melee: Falchion          ||    16
       Constrict         ||     5
       Tentacles         ||     1
 Cast: Foxfire           ||     6
       Scorch            ||     1
 Stab: Sleeping          ||     6
Armor: Skin              ||     6
Dodge: Dodged            ||    20

Table legend: (Time is in decaauts)
 A = Elapsed time spent in this place.
 B = Non-inter-level travel time spent in this place.
 C = Inter-level travel time spent in this place.
 D = Time resting spent in this place.
 E = Time spent auto-exploring this place.
 F = Levels seen in this place.
 G = Mean time per level.
                   A        B        C        D        E       F      G
               +--------+--------+--------+--------+--------+-----+--------+
         Total |    658 |    634 |     24 |     24 |    487 |   2 |  329.0 |
       Dungeon |    658 |    634 |     24 |     24 |    487 |   2 |  329.0 |
               +--------+--------+--------+--------+--------+-----+--------+

Top non-repeatable levels by time:
     D:1: 639 daAuts
     D:2: 19 daAuts
